[Event "ICC Open 2015"]
[Site "Internet Chess Club"]
[Date "2015.05.29"]
[Round "1"]
[White "giul"]
[Black "Doondoon"]
[Result "1-0"]
[ICCResult "Black resigns"]
[WhiteElo "2466"]
[BlackElo "1685"]
[Opening "Sicilian defense"]
[ECO "B27"]
[NIC "SI.43"]
[Time "14:02:45"]
[TimeControl "180+0"]

1. e4 c5 2. Nf3 f5 3. exf5 Nf6 4. d4 d5 5. dxc5 Bxf5 6. Bd3 Bg4 7. h3 Bh5 8.
Nbd2 e6 9. O-O Bxc5 10. Re1 Qd7 11. c4 O-O 12. cxd5 exd5 13. Qb3 Nc6 14. Qa4
Rae8 15. Rxe8 Rxe8 16. a3 Qe6 17. Qh4 Bd6 18. g3 Ne5 19. Nxe5 Qxe5 20. Nf1
Qe1 21. Rb1 Bc5 22. Be3 Bxe3 23. Rxe1 {Black resigns} 1-0

[Event "ICC Open 2015"]
[Site "Internet Chess Club"]
[Date "2015.05.29"]
[Round "1"]
[White "kava"]
[Black "RST2003"]
[Result "1-0"]
[ICCResult "Black resigns"]
[WhiteElo "2903"]
[BlackElo "1839"]
[Opening "King's Indian: 6.Be2"]
[ECO "E91"]
[NIC "KI.19"]
[Time "14:03:22"]
[TimeControl "180+0"]

1. c4 Nf6 2. Nf3 g6 3. Nc3 Bg7 4. e4 d6 5. d4 O-O 6. Be2 Nc6 7. d5 Nb8 8.
Bg5 e5 9. Nd2 Nbd7 10. b4 a5 11. a3 h6 12. Be3 Ne8 13. c5 f5 14. f3 f4 15.
Bf2 g5 16. Nc4 Ndf6 17. Nxa5 h5 18. h3 Nh7 19. Nc4 Rf6 20. cxd6 cxd6 21. Nb6
Ra6 22. Bxa6 bxa6 23. Nxc8 Qxc8 24. Rc1 Qd7 25. Qa4 Qf7 26. Qxa6 Qg6 27. Qc8
Rf8 28. Qe6+ Qxe6 29. dxe6 Nhf6 30. Nd5 Nxd5 31. exd5 Nf6 32. Rd1 Re8 33.
Ke2 g4 34. hxg4 hxg4 35. Bh4 g3 36. Bxf6 Bxf6 37. b5 Ra8 38. Rd3 Ra5 39. Rb1
Bd8 40. b6 Ra8 41. b7 Rb8 42. Rc3 {Black resigns} 1-0

[Event "ICC Open 2015"]
[Site "Internet Chess Club"]
[Date "2015.05.29"]
[Round "1"]
[White "Sjelan"]
[Black "picopico"]
[Result "1-0"]
[ICCResult "Black resigns"]
[WhiteElo "2221"]
[BlackElo "1533"]
[Opening "King's Indian: fianchetto, classical variation"]
[ECO "E67"]
[NIC "KI.65"]
[Time "14:03:05"]
[TimeControl "180+0"]

1. d4 Nf6 2. Nf3 g6 3. c4 Bg7 4. Nc3 d6 5. g3 O-O 6. Bg2 Nbd7 7. O-O e5 8.
dxe5 dxe5 9. Qc2 c6 10. Rd1 Qe7 11. b3 Rd8 12. a4 a5 13. Ba3 Qe8 14. Ng5 Nf8
15. Rxd8 Qxd8 16. Rd1 Qe8 17. Nge4 Nxe4 18. Nxe4 Bf5 19. Qd2 Bxe4 20. Bxe4
Ne6 21. Qd7 Rd8 22. Qxe8+ Rxe8 23. Rd7 Nd4 24. Rxb7 Nxe2+ 25. Kf1 Nd4 26.
Bc5 f5 27. Bxd4 fxe4 28. Bb6 Rf8 29. Ke2 Rf3 30. Bxa5 Bh6 31. Be1 Rd3 32. a5
Rd8 33. a6 Bf8 34. a7 Ra8 35. b4 h5 36. b5 h4 37. gxh4 {Black resigns} 1-0

[Event "ICC Open 2015"]
[Site "Internet Chess Club"]
[Date "2015.05.29"]
[Round "1"]
[White "BlitzorDDD"]
[Black "Giantvin"]
[Result "1-0"]
[ICCResult "Black resigns"]
[WhiteElo "3225"]
[BlackElo "1961"]
[Opening "Réti: King's Indian attack (Barcza system)"]
[ECO "A07"]
[NIC "QP.09"]
[Time "14:02:25"]
[TimeControl "180+0"]

1. Nf3 d5 2. g3 c6 3. Bg2 Nf6 4. O-O Bf5 5. d3 e6 6. Nh4 Bg6 7. Nd2 Be7 8.
e4 dxe4 9. dxe4 Nbd7 10. Qe2 Bh5 11. Bf3 Bxf3 12. Nhxf3 O-O 13. b3 h6 14. e5
Nd5 15. Ne4 Qc7 16. c4 N5b6 17. Bf4 g5 18. Bd2 Nxe5 19. Bc3 Nxf3+ 20. Qxf3
f6 21. h4 e5 22. Qf5 Bd8 23. Bb4 Qd7 24. Qg6+ Qg7 25. Qxg7+ Kxg7 26. Bxf8+
Kxf8 27. hxg5 hxg5 28. Kg2 Be7 29. Rad1 Kf7 30. Rh1 Kg7 31. g4 a5 32. Ng3
{Black resigns}
1-0

[Event "ICC Open 2015"]
[Site "Internet Chess Club"]
[Date "2015.05.29"]
[Round "1"]
[White "fyook"]
[Black "hAutAjArvi"]
[Result "0-1"]
[ICCResult "White resigns"]
[WhiteElo "1199"]
[BlackElo "2002"]
[Opening "King's pawn opening"]
[ECO "B07"]
[NIC "VO.17"]
[Time "14:03:24"]
[TimeControl "180+0"]

1. e4 d6 2. Nf3 g6 3. d4 Bg7 4. Be3 Nd7 5. h3 e5 6. dxe5 Nxe5 7. Bd3 Ne7 8.
Nxe5 dxe5 9. O-O O-O 10. c4 b6 11. Nc3 Bb7 12. Nd5 c6 13. Nc3 Qc7 14. Qe2
Rad8 15. Rac1 Rd7 16. b3 Rfd8 17. Bc2 Ba6 18. Rfd1 Rxd1+ 19. Rxd1 Rxd1+ 20.
Qxd1 Nc8 21. a4 Qd6 22. Qxd6 Nxd6 23. f3 Kf8 24. Ne2 Ke7 25. Kf2 Bc8 26. g4
Be6 27. Bg5+ f6 28. Bc1 Bf8 29. Bb2 Kd7 30. Nc3 Nb7 31. Ke3 Bc5+ 32. Kd3 Bd4
33. Nd1 Nc5+ 34. Kd2 Bg1 35. b4 Nb7 36. Bb3 c5 37. b5 Na5 38. Bc2 Nxc4+ 39.
Kc3 Bd4+ 40. Kb3 Nxb2+ 41. Ka3 Nxd1 42. Bxd1 c4 43. Kb4 g5 44. Bc2 Kd6 45.
a5 bxa5+ 46. Kxa5 Kc5 47. Ba4 c3 48. Bc2 Ba2 49. Ka6 Kb4 50. b6 axb6 51. Kb7
Bb3 52. Kc7 Bxc2 {White resigns} 0-1

[Event "ICC Open 2015"]
[Site "Internet Chess Club"]
[Date "2015.05.29"]
[Round "1"]
[White "hawk12"]
[Black "zona"]
[Result "0-1"]
[ICCResult "White resigns"]
[WhiteElo "1708"]
[BlackElo "2534"]
[Opening "Sicilian: Nimzovich-Rossolimo attack (with ...g6, without ...d6)"]
[ECO "B31"]
[NIC "SI.31"]
[Time "14:02:39"]
[TimeControl "180+0"]

1. e4 c5 2. Nf3 Nc6 3. Bb5 g6 4. Bxc6 dxc6 5. c3 Bg7 6. d3 e5 7. Be3 b6 8.
O-O Ne7 9. a4 a5 10. Qd2 h6 11. h3 g5 12. Nh2 Ng6 13. Na3 Be6 14. Nc2 O-O
15. Rfd1 Nf4 16. Bxf4 exf4 17. f3 f5 18. d4 fxe4 19. fxe4 cxd4 20. Nxd4 Qc8
21. Nhf3 Bc4 22. b3 Bf7 23. Nf5 Bxb3 24. Rdb1 Rxf5 25. exf5 Bd5 26. Re1 Qxf5
27. Rad1 Bxf3 28. gxf3 Qxh3 29. Qg2 Qxg2+ 30. Kxg2 Bxc3 31. Re6 Bg7 32. Rd7
b5 33. axb5 cxb5 34. Ree7 Bf8 35. Re6 a4 36. Rg6+ Kh8 37. Rf7 a3 38. Rgf6
Kg8 39. Rb7 a2 {White resigns} 0-1

[Event "ICC Open 2015"]
[Site "Internet Chess Club"]
[Date "2015.05.29"]
[Round "1"]
[White "franco"]
[Black "triumphant1"]
[Result "0-1"]
[ICCResult "White resigns"]
[WhiteElo "1298"]
[BlackElo "2043"]
[Opening "Queen's pawn: stonewall attack"]
[ECO "D00"]
[NIC "QP.08"]
[Time "14:03:10"]
[TimeControl "180+0"]

1. d4 d5 2. e3 Nf6 3. Bd3 Nc6 4. c3 e5 5. dxe5 Nxe5 6. Be2 Bd6 7. Nf3 O-O 8.
Nbd2 Bf5 9. Nxe5 Bxe5 10. Nf3 Bd6 11. Nd4 Bd7 12. Bd2 a6 13. O-O c5 14. Nf3
Ne4 15. h3 b5 16. a3 f5 17. Bc1 Be6 18. Nd2 f4 19. Nxe4 dxe4 20. exf4 Bxf4
21. Bxf4 Rxf4 22. Qc1 Qg5 23. g3 Raf8 24. Kh2 Rxf2+ 25. Rxf2 Rxf2+ 26. Kh1
Qxg3 27. Qg1 Qxh3+ {White resigns} 0-1

[Event "ICC Open 2015"]
[Site "Internet Chess Club"]
[Date "2015.05.29"]
[Round "1"]
[White "MythBulletChess"]
[Black "Baltimora"]
[Result "0-1"]
[ICCResult "White checkmated"]
[WhiteElo "1566"]
[BlackElo "2349"]
[Opening "Sicilian: Najdorf, Adams attack"]
[ECO "B90"]
[NIC "SI.14"]
[Time "14:03:06"]
[TimeControl "180+0"]

1. e4 c5 2. Nf3 d6 3. d4 cxd4 4. Nxd4 Nf6 5. Nc3 a6 6. h3 e6 7. g4 Be7 8.
Nde2 Nc6 9. Be3 Qa5 10. Ng3 b5 11. f4 Bb7 12. Bg2 Rc8 13. f5 Ne5 14. Bd4 b4
15. Nce2 Nfd7 16. O-O Bg5 17. Nf4 Bxf4 18. Rxf4 O-O 19. Nh5 g6 20. Ng3 exf5
21. exf5 g5 22. Re4 Bxe4 23. Bxe4 f6 24. Qd2 Kh8 25. h4 d5 26. Bg2 Nc6 27.
Bf2 gxh4 28. Nh5 Rg8 29. Bxd5 Nde5 30. Kh2 Nxg4+ 31. Kg1 Nxf2+ 32. Kxf2 Qc5+
33. Ke2 Rce8+ 34. Kf1 Rg1# {White checkmated} 0-1

[Event "ICC Open 2015"]
[Site "Internet Chess Club"]
[Date "2015.05.29"]
[Round "1"]
[White "El-Flippo"]
[Black "Galaad"]
[Result "0-1"]
[ICCResult "White checkmated"]
[WhiteElo "1311"]
[BlackElo "2048"]
[Opening "Ruy Lopez: Schliemann defense"]
[ECO "C63"]
[NIC "RL.06"]
[Time "14:03:23"]
[TimeControl "180+0"]

1. e4 e5 2. Nf3 Nc6 3. Bb5 f5 4. d3 fxe4 5. dxe4 Nf6 6. Nc3 Bb4 7. Bg5 Bxc3+
8. bxc3 d6 9. h3 O-O 10. O-O Ne7 11. Bd3 Ng6 12. Qd2 Qe8 13. Bxf6 Rxf6 14.
Rab1 Nf4 15. Kh2 Qh5 16. Ng1 Rg6 17. g3 Nxh3 18. Nxh3 Qxh3+ 19. Kg1 Rh6 20.
f4 Qh1+ 21. Kf2 Rh2+ 22. Ke3 Qxf1 23. Qxh2 Qxb1 24. fxe5 Qe1+ 25. Kd4 c5+
26. Kd5 Qxc3 27. exd6 Qd4# {White checkmated} 0-1

[Event "ICC Open 2015"]
[Site "Internet Chess Club"]
[Date "2015.05.29"]
[Round "1"]
[White "ForkNPin"]
[Black "Bagelhead"]
[Result "0-1"]
[ICCResult "White resigns"]
[WhiteElo "1560"]
[BlackElo "2307"]
[Opening "Ruy Lopez: Berlin defense, open variation"]
[ECO "C67"]
[NIC "RL.07"]
[Time "14:03:25"]
[TimeControl "180+0"]

1. e4 e5 2. Nf3 Nc6 3. Bb5 Nf6 4. O-O Nxe4 5. Re1 Nd6 6. Bxc6 dxc6 7. Nxe5
Be7 8. d4 O-O 9. Nc3 Nf5 10. Be3 Be6 11. Qd2 Re8 12. Rad1 Nxe3 13. fxe3 Bd6
14. Nf3 Bg4 15. Qf2 Qf6 16. e4 Bb4 17. a3 Ba5 18. b4 Bb6 19. e5 Qg6 20. Ne4
Bxf3 21. Qxf3 Rxe5 22. c4 Rae8 23. c5 Rxe4 24. Rxe4 Qxe4 25. Qxe4 Rxe4 26.
cxb6 axb6 27. Kf2 f5 28. Kf3 Kf7 29. d5 c5 30. d6 cxd6 31. Rxd6 cxb4 32.
Rxb6 bxa3 33. Rxb7+ Re7 34. Rb1 a2 35. Ra1 Ra7 36. h3 g5 37. h4 g4+ 38. Kf4
Kf6 39. g3 Ra3 {White resigns} 0-1

[Event "ICC Open 2015"]
[Site "Internet Chess Club"]
[Date "2015.05.29"]
[Round "1"]
[White "fireland"]
[Black "BlueGoose"]
[Result "1-0"]
[ICCResult "Black resigns"]
[WhiteElo "3024"]
[BlackElo "1882"]
[Opening "Queen's pawn game"]
[ECO "E10"]
[NIC "QI.01"]
[Time "14:02:39"]
[TimeControl "180+0"]

1. d4 e6 2. Nf3 Nf6 3. c4 d5 4. g3 Ne4 5. Bg2 f5 6. O-O c6 7. Nc3 Bd6 8. Ne1
O-O 9. cxd5 exd5 10. Nd3 Nd7 11. Bf4 Qe7 12. f3 Nef6 13. Qd2 h6 14. Rae1 Nh5
15. Bxd6 Qxd6 16. e3 Re8 17. Nf2 Ndf6 18. e4 dxe4 19. fxe4 Ng4 20. Nxg4 fxg4
21. e5 Qe7 22. Ne4 Be6 23. Nd6 Rf8 24. d5 Bf7 25. dxc6 bxc6 26. Nxf7 Rxf7
27. Rxf7 Qxf7 28. Bxc6 Rc8 29. Bd5 {Black resigns} 1-0

[Event "ICC Open 2015"]
[Site "Internet Chess Club"]
[Date "2015.05.29"]
[Round "1"]
[White "Tut"]
[Black "RaiseTheCurve"]
[Result "1-0"]
[ICCResult "Black resigns"]
[WhiteElo "3237"]
[BlackElo "1974"]
[Opening "Budapest: Adler variation"]
[ECO "A52"]
[NIC "QG.01"]
[Time "14:02:49"]
[TimeControl "180+0"]

1. d4 Nf6 2. c4 e5 3. dxe5 Ng4 4. Nf3 Bc5 5. e3 Nc6 6. Be2 Ngxe5 7. Nxe5
Nxe5 8. O-O O-O 9. Nc3 Re8 10. b3 a5 11. Na4 Bf8 12. Bb2 Ra6 13. f4 Ng6 14.
Bf3 Rxe3 15. Qd2 Re8 16. g3 Rd6 17. Qxa5 b6 18. Qc3 Nxf4 19. gxf4 Rg6+ 20.
Kh1 Qh4 21. Rae1 Qh3 22. Bd5 Qxc3 23. Nxc3 Rd8 24. f5 Rh6 25. Bc1 Rh3 26.
Rf3 Rxf3 27. Bxf3 Bb4 28. Re3 d6 29. Nd5 Bc5 30. Re2 Bxf5 31. Ne7+
{Black resigns}
1-0

[Event "ICC Open 2015"]
[Site "Internet Chess Club"]
[Date "2015.05.29"]
[Round "1"]
[White "playformaximum"]
[Black "Supermister"]
[Result "1-0"]
[ICCResult "Black resigns"]
[WhiteElo "3052"]
[BlackElo "2009"]
[Opening "Queen's gambit declined"]
[ECO "D30"]
[NIC "QP.08"]
[Time "14:03:35"]
[TimeControl "180+0"]

1. d4 d5 2. c4 e6 3. Nf3 c6 4. g3 f5 5. Bg2 Bd6 6. O-O Nf6 7. Qc2 O-O 8. Rd1
Ne4 9. Nc3 Nd7 10. cxd5 exd5 11. Bf4 Bxf4 12. gxf4 Ndf6 13. Ne5 Nxc3 14.
bxc3 Ng4 15. c4 Qh4 16. Nxg4 fxg4 17. cxd5 Rxf4 18. e3 Rf3 19. dxc6 Bf5 20.
Qc4+ Kh8 21. cxb7 Rf8 22. Bxf3 gxf3 23. Qc7 Qg4+ 24. Qg3 Qxg3+ 25. hxg3 Be4
26. Rab1 h5 27. b8=Q {Black resigns} 1-0

[Event "ICC Open 2015"]
[Site "Internet Chess Club"]
[Date "2015.05.29"]
[Round "1"]
[White "sakram07"]
[Black "QuintilianoR"]
[Result "0-1"]
[ICCResult "White resigns"]
[WhiteElo "1717"]
[BlackElo "2361"]
[Opening "Nimzovich-Larsen attack: modern variation"]
[ECO "A01"]
[NIC "VO.08"]
[Time "14:03:08"]
[TimeControl "180+0"]

1. b3 e5 2. Bb2 Nc6 3. e3 Nf6 4. Bb5 Bd6 5. Na3 Na5 6. Nf3 Qe7 7. Nc4 Nxc4
8. Bxc4 O-O 9. O-O c6 10. d4 e4 11. Nd2 Bc7 12. g3 h5 13. h4 d5 14. Be2 Bh3
15. Re1 g6 16. Bf1 Bg4 17. Be2 Bh3 18. Bf1 Qe6 19. Qe2 Bg4 20. f3 exf3 21.
Nxf3 Bxg3 22. Red1 Ne4 23. Bg2 Bf2+ 24. Kh2 Bxh4 25. Qf1 Qd6+ 26. Kg1 Bf2+
27. Qxf2 Nxf2 28. Kxf2 Rae8 29. Rh1 Qf6 30. Ke2 Qf4 31. Bc1 Qxd4 32. Bd2 Qe4
33. c3 Re6 34. Kf2 Rf6 {White resigns} 0-1

[Event "ICC Open 2015"]
[Site "Internet Chess Club"]
[Date "2015.05.29"]
[Round "1"]
[White "CapilanoBridge"]
[Black "waynerooney"]
[Result "1-0"]
[ICCResult "Black resigns"]
[WhiteElo "3206"]
[BlackElo "1952"]
[Opening "Anderssen's opening"]
[ECO "A00"]
[NIC "VO.14"]
[Time "14:02:46"]
[TimeControl "180+0"]

1. a3 Nf6 2. Nf3 d5 3. e3 e6 4. c4 Be7 5. Nc3 O-O 6. d4 b6 7. cxd5 Nxd5 8.
Bd3 Bb7 9. Qc2 h6 10. Nxd5 exd5 11. b4 Nd7 12. O-O c5 13. bxc5 bxc5 14. Rb1
Bc6 15. dxc5 Nxc5 16. Bb5 Bxb5 17. Rxb5 Rc8 18. Qd1 Qd7 19. Rb1 Qf5 20. Bb2
Rfd8 21. Bd4 Bf6 22. Rb5 Bxd4 23. Nxd4 Qd7 24. Qb1 Rc7 25. Rc1 Ne4 26. Rxc7
Qxc7 27. Rb7 Qc4 28. h3 a5 29. Qb2 a4 30. Nf5 Qc3 31. Qxc3 Nxc3 32. g4 Ne4
33. h4 Nc3 34. Kg2 Kf8 35. g5 hxg5 36. hxg5 g6 37. Nh6 f5 38. gxf6 Ne4 39.
Rh7 Nxf6 40. Rf7+ Ke8 41. Rxf6 {Black resigns} 1-0

[Event "ICC Open 2015"]
[Site "Internet Chess Club"]
[Date "2015.05.29"]
[Round "1"]
[White "a-man"]
[Black "DroolingBaby"]
[Result "0-1"]
[ICCResult "White checkmated"]
[WhiteElo "1601"]
[BlackElo "2194"]
[Opening "Caro-Kann: Panov-Botvinnik, normal variation"]
[ECO "B14"]
[NIC "CK.02"]
[Time "14:03:07"]
[TimeControl "180+0"]

1. e4 c6 2. d4 d5 3. exd5 cxd5 4. c4 e6 5. Nc3 Nf6 6. Bg5 Nc6 7. Nf3 Be7 8.
Bd3 O-O 9. O-O h6 10. Bh4 dxc4 11. Bxc4 b6 12. Re1 Bb7 13. Ne5 Nxd4 14. Bxf6
Bxf6 15. Nf3 Nxf3+ 16. Qxf3 Bxf3 17. gxf3 Bxc3 18. bxc3 Rc8 19. Rad1 Qg5+
20. Kh1 Rxc4 21. Rg1 Qh5 22. Rg2 Qxf3 23. h3 Qxd1+ 24. Rg1 Qf3+ 25. Kh2 Rxc3
26. Rg3 Qxf2+ 27. Rg2 Qh4 28. Kg1 Rd8 29. Kf1 Rd1+ 30. Ke2 Qe1#
{White checkmated}
0-1

[Event "ICC Open 2015"]
[Site "Internet Chess Club"]
[Date "2015.05.29"]
[Round "1"]
[White "talaatabdin"]
[Black "The7thGuest"]
[Result "0-1"]
[ICCResult "White resigns"]
[WhiteElo "1346"]
[BlackElo "2052"]
[Opening "Sicilian: Kan, 5.Nc3"]
[ECO "B43"]
[NIC "SI.44"]
[Time "14:03:10"]
[TimeControl "180+0"]

1. e4 c5 2. Nc3 e6 3. Nf3 a6 4. d4 cxd4 5. Nxd4 b5 6. a3 Bb7 7. Bd3 Nc6 8.
Nf3 d6 9. O-O Nf6 10. Bg5 Be7 11. Re1 e5 12. Qd2 h6 13. Bh4 g5 14. Bg3 g4
15. Nh4 Bc8 16. Rad1 Be6 17. Nf5 Bxf5 18. exf5 h5 19. f3 h4 20. Bf2 g3 21.
hxg3 hxg3 22. Bxg3 Nh5 23. Bf2 Nf4 24. Be4 Rc8 25. Nd5 Bg5 26. Nxf4 Bxf4 27.
Qxd6 Qxd6 28. Rd2 Qxd2 {White resigns} 0-1

[Event "ICC Open 2015"]
[Site "Internet Chess Club"]
[Date "2015.05.29"]
[Round "1"]
[White "Cramagica"]
[Black "BORIS-51"]
[Result "0-1"]
[ICCResult "White forfeits on time"]
[WhiteElo "1241"]
[BlackElo "2021"]
[Opening "English opening"]
[ECO "A10"]
[NIC "EO.22"]
[Time "14:02:24"]
[TimeControl "180+0"]

1. c4 d6 2. Nc3 e5 3. g3 Nc6 4. Bg2 Nf6 5. e3 h5 6. Nge2 h4 7. d4 h3 8. Bf1
Bg4 9. Qc2 Bf3 10. Rg1 Qd7 11. Bd2 Nb4 12. Qb3 Nd3+ 13. Kd1 Nxf2+ 14. Kc1
N6e4 15. Nxe4 Nxe4 16. Bb4 c5 17. Bc3 a6 18. a4 g6 19. dxe5 Bh6 20. Nf4
O-O-O 21. Be2 Bxe2 22. Nxe2 dxe5 23. Rd1 Bxe3+ {White forfeits on time} 0-1

[Event "ICC Open 2015"]
[Site "Internet Chess Club"]
[Date "2015.05.29"]
[Round "1"]
[White "TheCypriot"]
[Black "LittlePeasant"]
[Result "0-1"]
[ICCResult "White forfeits on time"]
[WhiteElo "1832"]
[BlackElo "2860"]
[Opening "English: Caro-Kann defensive system"]
[ECO "A11"]
[NIC "RE.07"]
[Time "14:02:35"]
[TimeControl "180+0"]

1. c4 c6 2. g3 d5 3. Nf3 Nf6 4. Bg2 e6 5. Qc2 dxc4 6. Qxc4 b5 7. Qc2 Bb7 8.
d4 Nbd7 9. O-O Rc8 10. a4 b4 11. Nbd2 c5 12. Qb3 cxd4 13. Nxd4 Bxg2 14. Kxg2
Nc5 15. Qc4 Be7 16. Qb5+ Nfd7 17. N2b3 O-O 18. Be3 a6 19. Qxb4 Rb8 20. Qc4
Ne5 21. Qc2 Nxb3 22. Nxb3 Qd5+ 23. f3 Qxb3 24. Qe4 Nc4 25. Bd4 e5 26. Bc3
Bc5 27. Qc6 Ne3+ 28. Kh1 Qd5 29. Qxd5 Nxd5 30. Bxe5 Ne3 31. Rfc1 Nc2
{White forfeits on time}
0-1

[Event "ICC Open 2015"]
[Site "Internet Chess Club"]
[Date "2015.05.29"]
[Round "1"]
[White "SvMihajlov"]
[Black "capatal1"]
[Result "1-0"]
[ICCResult "Black resigns"]
[WhiteElo "2248"]
[BlackElo "1483"]
[Opening "King's Indian: 5.Nf3"]
[ECO "E90"]
[NIC "KI.22"]
[Time "14:06:05"]
[TimeControl "180+0"]

1. d4 Nf6 2. c4 g6 3. Nc3 Bg7 4. e4 d6 5. Nf3 c6 6. h3 O-O 7. Bg5 Nbd7 8. e5
dxe5 9. dxe5 Ne8 10. Qe2 e6 11. Bxd8 {Black resigns} 1-0

[Event "ICC Open 2015"]
[Site "Internet Chess Club"]
[Date "2015.05.29"]
[Round "1"]
[White "gauss"]
[Black "WilliamChandler"]
[Result "1-0"]
[ICCResult "Black resigns"]
[WhiteElo "2091"]
[BlackElo "1550"]
[Opening "Benkö gambit: main line"]
[ECO "A57"]
[NIC "BI.41"]
[Time "14:03:32"]
[TimeControl "180+0"]

1. d4 Nf6 2. c4 c5 3. d5 b5 4. cxb5 g6 5. Nc3 a6 6. bxa6 Bxa6 7. e4 Bxf1 8.
Kxf1 d6 9. Nf3 Bg7 10. g3 O-O 11. Kg2 Nbd7 12. Qe2 Qb6 13. a4 Rfb8 14. Nb5
Qa5 15. Ra3 Nb6 16. Bd2 Qa6 17. b3 Nxa4 18. Rxa4 Qxb5 19. Qxb5 {Black
resigns} 1-0

[Event "ICC Open 2015"]
[Site "Internet Chess Club"]
[Date "2015.05.29"]
[Round "1"]
[White "JUGGERNOT"]
[Black "MoonlightWizard"]
[Result "0-1"]
[ICCResult "White checkmated"]
[WhiteElo "1891"]
[BlackElo "3040"]
[Opening "Queen's Indian: 4.Nc3"]
[ECO "E12"]
[NIC "NI.26"]
[Time "14:03:34"]
[TimeControl "180+0"]

1. Nf3 Nf6 2. d4 e6 3. c4 b6 4. Nc3 Bb4 5. Bd2 O-O 6. Qc2 Bb7 7. e3 c5 8. a3
Bxc3 9. Bxc3 d6 10. O-O-O Nbd7 11. Bd3 Rc8 12. Kb1 b5 13. cxb5 c4 14. Bxh7+
Nxh7 15. h4 Qb6 16. h5 Ndf6 17. Ka1 Qxb5 18. h6 g6 19. Nh4 Be4 20. Qe2 Nd5
21. f3 Bd3 22. Qf2 Nxc3 23. bxc3 Qa5 24. Ka2 Rb8 25. Qd2 Rb3 26. e4 Qxa3#
{White checkmated}
0-1

[Event "ICC Open 2015"]
[Site "Internet Chess Club"]
[Date "2015.05.29"]
[Round "1"]
[White "YY4U"]
[Black "vicmel"]
[Result "0-1"]
[ICCResult "White resigns"]
[WhiteElo "992"]
[BlackElo "1994"]
[Opening "Sicilian: Nimzovich-Rubinstein variation"]
[ECO "B29"]
[NIC "SI.43"]
[Time "14:02:22"]
[TimeControl "180+0"]

1. e4 c5 2. Nf3 Nf6 3. d4 cxd4 4. Nxd4 Nxe4 5. Qf3 Nf6 6. Bg5 Nc6 7. Nxc6
bxc6 8. Nc3 Qa5 9. O-O-O Qxg5+ 10. Kb1 d5 11. h4 Qg4 12. Qd3 Qf5 13. Qd2 e6
14. Bd3 Qe5 15. f4 Qc7 16. Rhe1 Be7 17. Qe2 h5 18. Rf1 g6 19. g4 hxg4 20.
Rg1 Bb7 21. Rxg4 Nxg4 22. Qxg4 O-O-O 23. h5 Rxh5 24. Re1 Rdh8 25. Ne2 Rh1
26. Rg1 Rxg1+ 27. Nxg1 c5 28. a3 c4 29. Bf1 d4 30. Bh3 Qc6 31. Ne2 Qf3 32.
Qxf3 Bxf3 33. Ng1 Be4 34. Bf1 d3 35. cxd3 Bxd3+ 36. Bxd3 cxd3 37. Nf3 Bf6
38. Kc1 Rh3 39. Ne1 Rh2 40. Nxd3 Bxb2+ 41. Kb1 Bxa3 42. Nc5 Bxc5 {White
resigns} 0-1

[Event "ICC Open 2015"]
[Site "Internet Chess Club"]
[Date "2015.05.29"]
[Round "1"]
[White "SusikoiraRoi"]
[Black "saya"]
[Result "0-1"]
[ICCResult "White resigns"]
[WhiteElo "1814"]
[BlackElo "2666"]
[Opening "French: exchange variation"]
[ECO "C01"]
[NIC "FR.01"]
[Time "14:02:44"]
[TimeControl "180+0"]

1. e4 e6 2. d4 d5 3. exd5 exd5 4. c4 Nf6 5. Nf3 Nc6 6. Nc3 Bb4 7. Be3 O-O 8.
Be2 Bg4 9. O-O Bxf3 10. Bxf3 dxc4 11. Bxc6 bxc6 12. Qa4 Bxc3 13. bxc3 Qd5
14. h3 Qb5 15. Qa3 Rfe8 16. Rab1 Qd5 17. Rb7 Qd6 18. Qa5 Nd5 19. Bc1 a6 20.
g3 h6 21. Kg2 Qg6 22. Qc5 Qe4+ 23. Kh2 Qd3 24. Kg1 Nxc3 25. Qxc6 Ne2+ 26.
Kg2 Nxd4 27. Qxc7 Qf3+ 28. Kh2 Rac8 29. Qf4 Qxf4 30. Bxf4 c3 31. Rc7 Rxc7
32. Bxc7 c2 33. Rc1 Rc8 {White resigns} 0-1

[Event "ICC Open 2015"]
[Site "Internet Chess Club"]
[Date "2015.05.29"]
[Round "1"]
[White "manitodeplomo"]
[Black "Birdy69"]
[Result "1-0"]
[ICCResult "Black resigns"]
[WhiteElo "2624"]
[BlackElo "1740"]
[Opening "Benkö gambit"]
[ECO "A57"]
[NIC "BI.46"]
[Time "14:03:11"]
[TimeControl "180+0"]

1. d4 Nf6 2. c4 c5 3. d5 b5 4. Qc2 bxc4 5. e4 e6 6. Nc3 Ba6 7. Nf3 Be7 8. d6
Bxd6 9. e5 Be7 10. exf6 Bxf6 11. Be3 Qa5 12. Be2 O-O 13. O-O d5 14. Rad1 Nc6
15. a3 d4 16. Ne4 dxe3 17. Nxf6+ gxf6 18. fxe3 Rfd8 19. Bxc4 Bxc4 20. Qxc4
Ne5 21. Nxe5 Rxd1 22. Qg4+ Kf8 23. Qxd1 fxe5 24. Qd6+ Ke8 25. Qc6+
{Black resigns}
1-0

[Event "ICC Open 2015"]
[Site "Internet Chess Club"]
[Date "2015.05.29"]
[Round "1"]
[White "Sibelephant"]
[Black "geographywhiz"]
[Result "1-0"]
[ICCResult "Black resigns"]
[WhiteElo "3184"]
[BlackElo "1928"]
[Opening "Ruy Lopez: Berlin defense"]
[ECO "C65"]
[NIC "RL.07"]
[Time "14:02:58"]
[TimeControl "180+0"]

1. e4 e5 2. Nf3 Nc6 3. Bb5 Nf6 4. d3 Bc5 5. O-O d6 6. c3 O-O 7. Nbd2 Bg4 8.
h3 Bh5 9. Re1 a6 10. Ba4 Qe7 11. Nf1 Rfd8 12. Ng3 Bg6 13. d4 Bb6 14. Bg5 h6
15. Bh4 Nb8 16. Bc2 Nbd7 17. Qe2 Re8 18. Rad1 Rad8 19. Nh2 c6 20. Ng4 Kf8
21. Qf3 Bc7 22. Bb3 c5 23. dxc5 Nxc5 24. Nxf6 gxf6 25. Bxf6 Qd7 26. Qe3
{Black resigns}
1-0

[Event "ICC Open 2015"]
[Site "Internet Chess Club"]
[Date "2015.05.29"]
[Round "1"]
[White "Tomorrowlan"]
[Black "ElFenomeno"]
[Result "1-0"]
[ICCResult "Black resigns"]
[WhiteElo "2957"]
[BlackElo "1870"]
[Opening "King's Indian: 4.e4"]
[ECO "E70"]
[NIC "KI.31"]
[Time "14:03:17"]
[TimeControl "180+0"]

1. d4 Nf6 2. c4 g6 3. Nc3 Bg7 4. e4 d6 5. Bd3 Nc6 6. Nge2 O-O 7. O-O Nh5 8.
Be3 e5 9. d5 Nd4 10. Bxd4 exd4 11. Nb5 c5 12. dxc6 bxc6 13. Nbxd4 Qb6 14.
Nb3 Bxb2 15. Rb1 Be5 16. c5 dxc5 17. Qc2 Nf4 18. Nxf4 Bxf4 19. Nxc5 Qc7 20.
g3 Bd6 21. Rfc1 Bg4 22. Rb7 Qa5 23. Nd7 Bxd7 24. Rxd7 Bc7 25. Qxc6 Bb6 26.
Bc4 Rad8 27. Rxd8 Rxd8 28. Qf6 Bxf2+ 29. Qxf2 {Black resigns} 1-0

[Event "ICC Open 2015"]
[Site "Internet Chess Club"]
[Date "2015.05.29"]
[Round "1"]
[White "magnuswizard"]
[Black "Reinerg"]
[Result "1-0"]
[ICCResult "Black forfeits on time"]
[WhiteElo "2051"]
[BlackElo "1344"]
[Opening "King's Indian: fianchetto, Yugoslav Panno"]
[ECO "E66"]
[NIC "KI.67"]
[Time "14:02:16"]
[TimeControl "180+0"]

1. Nf3 Nf6 2. d4 g6 3. c4 Bg7 4. g3 d6 5. Bg2 O-O 6. O-O c5 7. Nc3 Nc6 8. d5
Na5 9. Nd2 b6 10. a4 Bd7 11. e4 Ne8 12. h3 f5 13. exf5 Bxf5 14. Re1 Qd7 15.
g4 Bd3 16. Bf1 Bxf1 17. Rxf1 e5 18. dxe6 Qxe6 19. Nd5 Qf7 20. Ra3 Nc7 21.
Rf3 Qd7 22. Rxf8+ Rxf8 23. Nxc7 Qxc7 24. Ne4 Bd4 25. b3 Nb7 26. Bh6 Re8 27.
Qd3 Qe7 28. Ng5 Be5 29. Qd5+ Kh8 30. Nf7+ Kg8 31. Nxe5+ {Black forfeits on
time} 1-0